 Dungeon Crawl Stone Soup version 0.18-a0-1443-ge8f1551 (webtiles) character file.

280 Kidiri the Magician (level 6, 0/32 HPs)
             Began as a Deep Elf Fire Elementalist on Feb 29, 2016.
             Succumbed to Blork the orc's poison
             ... on level 4 of the Dungeon.
             The game lasted 00:21:03 (4001 turns).

Kidiri the Magician (Deep Elf Fire Elementalist)    Turns: 4001, Time: 00:21:03

Health: 0/32       AC:  3    Str:  5    XL:     6   Next: 5%
Magic:  7/16       EV: 20    Int: 22    God:
Gold:   121        SH:  0    Dex: 20    Spells: 5 memorised, 2 levels left

rFire  . . .     SeeInvis +     g - +0 dagger
rCold  . . .     Gourm    .     a - +0 robe
rNeg   . . .     Faith    .     (no shield)
rPois  .         Spirit   .     (helmet restricted)
rElec  .         Dismiss  .     (no cloak)
rCorr  .         Reflect  .     k - +0 pair of gloves
SustAt .         Harm     .     (no boots)
MR     .....                    l - amulet of rage
Stlth  ++++......               (no ring)
                                o - ring of see invisible

@: agile, lethally poisoned (0 -> -12), not resistant to hostile enchantments,
stealthy
A: antennae 1, mutation resistance 1, slow regeneration 1
a: Evoke Berserk Rage


You were on level 4 of the Dungeon.
You were not hungry.

You visited 1 branch of the dungeon, and saw 4 of its levels.

You collected 121 gold pieces.

Inventory:

Hand Weapons
 g - a +0 dagger (weapon)
Armour
 a - a +0 robe (worn)
 k - a +0 pair of gloves (worn)
Jewellery
 l - an amulet of rage (around neck)
 o - a ring of see invisible (left hand)
Scrolls
 e - a scroll of magic mapping
 f - a scroll of blinking {unknown}
 i - 3 scrolls of amnesia
 m - a scroll of recharging {unknown}
 n - a scroll of random uselessness {unknown}
 p - a scroll of enchant armour {unknown}
 q - a scroll of fear {unknown}
Books
 b - a book of Flames

   Spells                             Type                      Level
   a - Flame Tongue                   Conjuration/Fire             1
   b - Throw Flame                    Conjuration/Fire             2
   c - Conjure Flame                  Conjuration/Fire             3
   d - Inner Flame                    Hexes/Fire                   3
   e - Sticky Flame                   Conjuration/Fire             4
   f - Fireball                       Conjuration/Fire             5
Comestibles
 c - a bread ration


   Skills:
 + Level 3.7 Dodging
 + Level 3.5 Stealth
 * Level 5.3 Spellcasting
 + Level 2.3 Conjurations
 + Level 2.0 Hexes
 + Level 4.5 Fire Magic


You had 2 spell levels left.
You knew the following spells:

 Your Spells              Type           Power        Failure   Level  Hunger
a - Flame Tongue          Conj/Fire      ###..        2%          1    None
b - Throw Flame           Conj/Fire      ###...       4%          2    None
c - Conjure Flame         Conj/Fire      ###.....     10%         3    ##.....
d - Inner Flame           Hex/Fire       ###.....     10%         3    ##.....
e - Sticky Flame          Conj/Fire      ###.....     28%         4    ####...


Dungeon Overview and Level Annotations

Branches:
Dungeon (4/15)
 Temple: D:4-7

Altars:
Gozag
Sif Muna

Annotations:
D:4 Blork the orc, Eustachio, Purgy


Innate Abilities, Weirdness & Mutations

You have a pair of small antennae on your head.
You are somewhat resistant to further mutation.
You regenerate slowly when monsters are visible.


Message History

The river rat is engulfed in roaring flames.
You kill the river rat!
The river rat's corpse disappears in a puff of smoke!
Drink which item? (? for menu, Esc to quit)
It was a potion of agility.
You feel agile all of a sudden.
* * * LOW HITPOINT WARNING * * *
You feel sick.
Unknown command.
Your surroundings suddenly seem different.
* * * LOW HITPOINT WARNING * * *
You feel sick.
You feel a bit more experienced.
Found 19 arrows and a hunting sling.
* * * LOW HITPOINT WARNING * * *
You feel sick.
* * * LOW HITPOINT WARNING * * *
You feel sick.
* * * LOW HITPOINT WARNING * * *
You feel sick.
You die...

*,**,,,...#*#.#
*,*
*,****##..###.#
*,*
*,,,,,,.....,,*
*,*
*******#..#****
*,* #..# *,* #..#
*,* #.(# *,* #..#
*,* #@.#
*****,****
#..#*****,,,,,,,,,
#....,,,,,******,*
#.)....,,,* #.#
#........** #.#
#.#######* #.# #.#
#.# #.# #########
#.# *,* #.......#
#.#


There were no monsters in sight!

Vanquished Creatures
  Ijyb (D:2)
  2 orc wizards (D:3)
  4 gnolls (D:3)
  7 adders
  An ooze (D:2)
  A worm (D:2)
  3 dart slugs
  4 giant geckos
  6 orcs (D:3)
  6 giant cockroaches
  7 goblins
  6 hobgoblins
  2 jackals (D:3)
  7 kobolds
  4 quokkas (D:3)
  A ball python (D:1)
  8 bats
  A giant gecko skeleton (D:4)
  7 giant newts
  7 rats
85 creatures vanquished.

Notes
Turn   | Place    | Note
--------------------------------------------------------------
     0 | D:1      | Kidiri the Deep Elf Fire Elementalist began the quest for the Orb.
     0 | D:1      | Reached XP level 1. HP: 10/10 MP: 6/6
   481 | D:1      | Reached XP level 2. HP: 15/15 MP: 6/8
   485 | D:1      | Learned a level 2 spell: Throw Flame
  1053 | D:2      | Found a deep blue altar of Sif Muna.
  1099 | D:2      | Reached XP level 3. HP: 19/19 MP: 6/10
  1104 | D:2      | Learned a level 3 spell: Conjure Flame
  1108 | D:2      | Learned a level 3 spell: Inner Flame
  1109 | D:2      | Gained mutation: You regenerate slowly when monsters are visible. [potion of mutation]
  1109 | D:2      | Gained mutation: You have a pair of small antennae on your head. [potion of mutation]
  1109 | D:2      | Gained mutation: You are somewhat resistant to further mutation. [potion of mutation]
  1231 | D:2      | Reached skill level 4 in Spellcasting
  1386 | D:2      | Noticed Ijyb
  1393 | D:2      | Killed Ijyb
  1401 | D:2      | Reached XP level 4. HP: 22/24 MP: 0/12
  2334 | D:3      | Reached skill level 1 in Hexes
  2338 | D:3      | Reached XP level 5. HP: 11/28 MP: 3/14
  2942 | D:3      | Reached skill level 5 in Spellcasting
  3643 | D:3      | Learned a level 4 spell: Sticky Flame
  3645 | D:3      | Reached XP level 6. HP: 32/32 MP: 8/15
  3981 | D:4      | Found an opulent altar of Gozag.
  3983 | D:4      | Noticed Blork the orc
  3983 | D:4      | Noticed Purgy
  3987 | D:4      | Noticed Eustachio
  3999 | D:4      | HP: 1/32 [poisoned by Blork the orc]
  4001 | D:4      | Succumbed to Blork the orc's poison

Vault maps used:
D:1:      wheals_arrival_linesprint
D:2:      led_sif_pool, serial_glass, glass_columns_a, glass_columns_c,
          uniq_iyjb
D:4:      grunt_gozag_statues, first_bread, uniq_menkaure, uniq_eustachio,
          uniq_blork_the_orc, uniq_purgy

Skill      XL: |  1  2  3  4  5 |
---------------+----------------+-----
Spellcasting   | 4 5 |  5.3
Dodging        | 3 |  3.7
Conjurations   | 2 |  2.3
Fire Magic     | 4 |  4.5
Hexes          | 1 2 |  2.0
Stealth        | 3 |  3.5

Action                   |  1- 3 |  4- 6 || total
-------------------------+-------+-------++-------
Melee: Unarmed           |     1 |       ||     1
       Dagger            |     6 |    20 ||    26
 Cast: Flame Tongue      |    40 |    72 ||   112
       Throw Flame       |    16 |    49 ||    65
       Inner Flame       |       |     5 ||     5
       Conjure Flame     |       |     3 ||     3
  Use: Scroll            |     4 |     5 ||     9
       Potion            |     1 |     5 ||     6
 Stab: Invisible         |       |     1 ||     1
       Sleeping          |       |     1 ||     1
  Eat: Chunk             |     2 |     4 ||     6
       Bread ration      |       |     1 ||     1
